 Dungeon Crawl Stone Soup version 0.23-a0-619-g281719c6f9 (webtiles) character file.

21 Pixllover the Chopper (level 2, -3/40 HPs)
             Began as a Minotaur Berserker on Dec 22, 2018.
             Was a Follower of Trog.
             Slain by an ogre
             ... wielding a +0 giant club
              (20 damage)
             ... on level 2 of the Dungeon.
             The game lasted 00:01:27 (630 turns).

Pixllover the Chopper (Minotaur Berserker)           Turns: 630, Time: 00:01:28

Health: -3/40      AC:  8    Str: 26    XL:     2   Next: 65%
Magic:  1/1        EV:  9    Int:  4    God:    Trog [*.....]
Gold:   30         SH:  0    Dex:  9    Spells: 1/1 levels left

rFire    . . .     SeeInvis .   a - +0 hand axe
rCold    . . .     Gourm    .   (no shield)
rNeg     . . .     Faith    .   e - +0 chain mail
rPois    .         Spirit   .   (helmet restricted)
rElec    .         Reflect  .   (no cloak)
rCorr    .         Harm     .   (no gloves)
MR       .....                  (no boots)
Stlth    ..........             (no amulet)
HPRegen  0.13/turn              (no ring)
MPRegen  0.07/turn              (no ring)

@: berserking, very quick
A: retaliatory headbutt, horns 2
a: Berserk, Renounce Religion


You were on level 2 of the Dungeon.
You worshipped Trog.
Trog was aware of your devotion.
You were not hungry.

You visited 1 branch of the dungeon, and saw 2 of its levels.

You collected 30 gold pieces.

Inventory:

Hand Weapons
 a - a +0 hand axe (weapon)
Missiles
 g - 5 tomahawks (quivered)
Armour
 b - a +0 animal skin
 e - a +0 chain mail (worn)
Jewellery
 k - an uncursed ring of resist corrosion {unknown}
Scrolls
 d - a scroll of remove curse {unknown}
 i - a scroll of teleportation {unknown}
 j - a scroll of enchant armour {unknown}
 l - a scroll of identify {unknown}
Potions
 h - a potion of ambrosia {unknown}
Comestibles
 c - a ration


   Skills:
 + Level 4.1 Fighting
 + Level 4.2 Axes
 + Level 2.6 Armour
 + Level 2.3 Dodging


You had one spell level left.
You didn't know any spells.
Your spell library was empty.

Dungeon Overview and Level Annotations

Branches:
Dungeon (2/15)

Altars:


Innate Abilities, Weirdness & Mutations

You reflexively headbutt those who attack you in melee.
You have a pair of horns on your head.


Message History

You barely miss the ogre. You headbutt the ogre!
The ogre is heavily wounded.
The ogre hits you with a +0 giant club!
A red film seems to cover your vision as you go berserk!
You feel yourself moving faster!
You feel mighty!
You feel a lot more hungry. The ogre hits you with a +0 giant club!
You barely miss the ogre.
The ogre is heavily wounded.
You completely miss the giant cockroach.
A giant cockroach comes into view.
A kobold comes into view. It is wielding a +0 short sword.
The giant cockroach misses you.
You hit the ogre.
The ogre is heavily wounded.
You hit the giant cockroach.
You kill the giant cockroach!
Trog accepts your kill.
The ogre hits you with a +0 giant club!!
Ouch! That really hurt!
You die...

### ..###..
########†.....$
#..<...@O...#
#..##.g#####.#
#.. #.## ...
#..# ... K....
.. .s.... #
###..... #.....


You could see an ogre, a gnoll, a giant cockroach and a kobold.

Vanquished Creatures
  A ball python (D:1)
  A bat (D:1)
  3 giant cockroaches
  2 goblins (D:1)
  5 hobgoblins (D:1)
  2 frilled lizards (D:1)
  3 kobolds (D:1)
  A rat (D:1)
18 creatures vanquished.

Notes
Turn   | Place    | Note
-------+----------+-------------------------------------------
     0 | D:1      | Pixllover the Minotaur Berserker began the quest for the
                  | Orb.
     0 | D:1      | Reached XP level 1. HP: 19/19 MP: 0/0
   119 | D:1      | Reached XP level 2. HP: 27/27 MP: 1/1
   623 | D:2      | Noticed an ogre
   630 | D:2      | Slain by an ogre

Vault maps used:
D:1:      dpeg_arrival_arbitrary_c, serial_park_tiny_1
D:2:      overflow_temple_1_default

Skill      XL: |  1  2 |
---------------+-------+-----
Fighting       | 4 |  4.1
Axes           | 4 |  4.2
Armour         | |  2.6
Dodging        | |  2.3

Action                   || total
-------------------------++-------
Melee: Hand axe          ||    43
       Headbutt          ||     6
Invok: Berserk           ||     1
Armor: Chain mail        ||    15
Dodge: Dodged            ||    21

Table legend:
 A = Non-vault XP
 B = Vault XP
 C = Vault XP percentage of total XP
 D = Non-vault monster count
 E = Vault monster count
 F = Vault count percentage of total count
                 A         B        C        D         E       F
            +---------+---------+-------+---------+---------+-------
      Total |      31 |       0 |   0.0 |      18 |       0 |   0.0
            +---------+---------+-------+---------+---------+-------
        D:1 |      27 |       0 |   0.0 |      16 |       0 |   0.0
        D:2 |       4 |       0 |   0.0 |       2 |       0 |   0.0
            +---------+---------+-------+---------+---------+-------
